 Dungeon Crawl Stone Soup version 0.29-a0-243-g602b31c20e (webtiles) character file.

Game seed: 13413155002755446606

638 timneilson the Covered (level 7, -6/43 HPs)
             Began as a Gargoyle Fighter on Mar 4, 2022.
             Mangled by Crazy Yiuf
             ... wielding a +2 quarterstaff of chaos
              (7 damage)
             ... on level 4 of the Dungeon.
             The game lasted 00:06:35 (4976 turns).

timneilson the Covered (Gargoyle Fighter)           Turns: 4976, Time: 00:06:35

Health: -6/43      AC: 14    Str: 21    XL:     7   Next: 50%
Magic:  0/7        EV: 13    Int:  9    God:
Gold:   242        SH:  4    Dex:  9    Spells: 6/6 levels left

rFire   . . .      SeeInvis .   a - +1 long sword (venom)
rCold   . . .      Faith    .   c - +0 buckler
rNeg    + . .      Spirit   +   r - +0 chain mail
rPois   ∞          Reflect  .   (no helmet)
rElec   +          Harm     .   (no cloak)
rCorr   +          Rampage  .   (no gloves)
Will    .....                   (no boots)
Stlth   ..........              l - amulet of guardian spirit
HPRegen 0.14/turn               h - ring of resist corrosion
MPRegen 0.10/turn               (no ring)

@: agile
A: sickness immunity, AC +4, negative energy resistance 1, electricity
resistance, torment resistance 1, petrification resistance
a: no special abilities


You were on level 4 of the Dungeon.
You visited 1 branch of the dungeon, and saw 4 of its levels.

You collected 242 gold pieces.

Inventory:

Hand Weapons
 a - a +1 long sword of venom (weapon)
Armour
 c - a +0 buckler (worn)
 n - a +0 plate armour
 r - a +0 chain mail (worn)
Jewellery
 h - a ring of resist corrosion (left hand)
 l - an amulet of guardian spirit (around neck)
Wands
 k - a wand of flame (25)
Scrolls
 f - 2 scrolls of fog
 g - a scroll of teleportation {unknown}
 o - a scroll of identify
 p - a scroll of immolation {unknown}
 q - a scroll of amnesia {unknown}
Potions
 e - a potion of curing
 i - a potion of haste
 j - a potion of brilliance
 m - a potion of cancellation {unknown}


   Skills:
 + Level 4.2 Fighting
 * Level 3.8 Long Blades
 * Level 5.3 Armour
 + Level 1.9 Dodging
 * Level 5.3 Shields
 + Level 1.5 Evocations


You had 6 spell levels left.
You didn't know any spells.
Your spell library contained the following spells:

 Spells                   Type           Power      Damage    Failure   Level
 Foxfire                  Conj/Fire      0%         2x1d4     99%         1
 Conjure Flame            Conj/Fire      0%         6-21      100%        3
 Inner Flame              Hex/Fire       0%         N/A       100%        3
 Flame Wave               Conj/Fire      0%         2d4       100%        4


Dungeon Overview and Level Annotations

Branches:
Dungeon (4/15)
 Temple: D:4-7

Altars:
Makhleb
Ru
Xom

Shops:
D:3 *

Annotations:
D:4 Crazy Yiuf


Innate Abilities, Weirdness & Mutations

You are immune to sickness and miasma.
Your stone body is resilient. (AC +4)
You are immune to poison.
You resist negative energy. (rN+)
You are resistant to electric shocks. (rElec)
You are resistant to unholy torment.
You are immune to petrification.


Message History

You hit Sigmund.
Sigmund looks even sicker.
Sigmund is almost dead.
Sigmund barely misses you.
You hit Sigmund.
You kill Sigmund!
The endoplasm quivers.
Things that are here:
a +0 scythe; a +0 robe The endoplasm hits you but does no damage.
You slash the endoplasm!
You kill the endoplasm!
You feel a little less mighty now.
Found a mace.
Found a runed translucent door.
Crazy Yiuf shouts!
You open the door.
Crazy Yiuf grits, "Ghoul down head!"
You hit Crazy Yiuf.
Crazy Yiuf is lightly wounded.
Crazy Yiuf hits you with a +2 quarterstaff of chaos.
You are confused.
You bump into the stone wall.
Crazy Yiuf hits you with a +2 quarterstaff of chaos.
You feel your power leaking away.
You bump into the stone wall.
Crazy Yiuf barely misses you.
You're too confused to move!
Crazy Yiuf hits you with a +2 quarterstaff of chaos.
Crazy Yiuf burns you.
You miss Crazy Yiuf.
Crazy Yiuf is lightly wounded.
You feel less confused.
Crazy Yiuf hits you with a +2 quarterstaff of chaos.
You feel agile all of a sudden.
Crazy Yiuf hits you with a +2 quarterstaff of chaos!
Crazy Yiuf freezes you.
You barely miss Crazy Yiuf.
Crazy Yiuf is lightly wounded.
Crazy Yiuf hits you with a +2 quarterstaff of chaos!
* * * LOW HITPOINT WARNING * * *
Crazy Yiuf freezes you!
You die...

####.......####.....#####
#........................
################....#####
#......... #.######.. ###
####......... #)..###
##..#.######..
#...'g####.P....#####..
#...##@.#.P..........).
### ###.#...#.....###.
#######.....# #. #.....#
#. ##.....# #. #......#
#. ###+##......# #.
#...........# #. .
#...........# #.


You could see Crazy Yiuf.

Vanquished Creatures
  Sigmund (D:4)
  Menkaure (D:4)
  4 hounds
  A jelly (D:4)
  2 iguanas (D:4)
  An orc wizard (D:4)
  4 adders
  A shadow imp (D:4)
  An ufetubus (D:4)
  2 worms (D:2)
  6 dart slugs
  4 orcs (D:4)
  4 ball pythons
  5 bats
  12 endoplasms
  6 giant cockroaches
  3 goblins
  5 hobgoblins
  5 jackals
  2 quokkas (D:1)
  10 frilled lizards
  4 kobolds
  6 rats
  A spectral goblin (D:1)
91 creatures vanquished.

Notes
Turn   | Place    | Note
-------+----------+-------------------------------------------
     0 | D:1      | timneilson the Gargoyle Fighter began the quest for the
                  | Orb.
     0 | D:1      | Reached XP level 1. HP: 14/14 MP: 1/1
   126 | D:1      | Reached XP level 2. HP: 12/19 MP: 2/2
   241 | D:1      | Found a faded altar of an unknown god.
   870 | D:1      | Reached XP level 3. HP: 23/23 MP: 3/3
  1439 | D:2      | Found a shimmering altar of Xom.
  1536 | D:2      | Reached XP level 4. HP: 22/28 MP: 4/4
  2903 | D:3      | Found Igociras's General Store.
  3006 | D:3      | Reached XP level 5. HP: 32/32 MP: 5/5
  3247 | D:4      | Found a burning altar of Makhleb.
  3249 | D:4      | Noticed Menkaure
  3348 | D:4      | Reached skill level 1 in Dodging
  3702 | D:4      | Reached XP level 6. HP: 25/38 MP: 4/6
  4001 | D:4      | Killed Menkaure
  4002 | D:4      | Reached skill level 1 in Evocations
  4385 | D:4      | Found a sacrificial altar of Ru.
  4456 | D:4      | Reached skill level 5 in Armour
  4484 | D:4      | Reached skill level 5 in Shields
  4484 | D:4      | Reached XP level 7. HP: 43/43 MP: 7/7
  4661 | D:4      | Noticed Sigmund
  4688 | D:4      | Killed Sigmund
  4965 | D:4      | Found a runed translucent door.
  4966 | D:4      | Noticed Crazy Yiuf
  4976 | D:4      | HP: 1/43 [Crazy Yiuf/+2 quarterstaff of chaos (13)]
  4976 | D:4      | Mangled by Crazy Yiuf

Illustrated notes

Levels and vault maps discovered:
D:1:      lightli_arrival_isolated_outpost, layout_basic,
          dreamdust_ecumenical_altar_drowned_temple, eino_curves_04
D:2:      layout_basic, basic_altar
D:3:      layout_rooms, serial_shops, nicolae_shop_stone, minivault_24
D:4:      layout_basic, nicolae_overflow_crystal_walls,
          makhleb_heckhound_becter, uniq_sigmund, uniq_menkaure,
          uniq_crazy_yiuf_cottage

Skill      XL: |  1  2  3  4  5  6 |
---------------+-------------------+-----
Long Blades    | 2 3 |  3.8
Shields        | 4 5 |  5.3
Armour         | 4 5 |  5.3
Dodging        | 1 |  1.9
Fighting       | 4 |  4.2
Evocations     | 1 |  1.5

Action                   |  1- 3 |  4- 6 |  7- 9 || total
-------------------------+-------+-------+-------++-------
Melee: Long sword        |   164 |   188 |    27 ||   379
  Use: Scroll            |     3 |     4 |       ||     7
       Potion            |       |       |     3 ||     3
Armor: Scale mail        |   119 |   105 |     2 ||   226
       Chain mail        |       |       |     9 ||     9
Dodge: Dodged            |    98 |   107 |     7 ||   212
Block: Buckler           |    36 |    40 |     2 ||    78

Table legend: (Time is in decaauts)
 A = Elapsed time spent in this place.
 B = Non-inter-level travel time spent in this place.
 C = Inter-level travel time spent in this place.
 D = Time resting spent in this place.
 E = Time spent auto-exploring this place.
 F = Levels seen in this place.
 G = Mean time per level.
                   A        B        C        D        E       F      G
               +--------+--------+--------+--------+--------+-----+--------+
         Total |   5101 |   4936 |    165 |     79 |   3891 |   4 | 1275.2 |
       Dungeon |   5101 |   4936 |    165 |     79 |   3891 |   4 | 1275.2 |
               +--------+--------+--------+--------+--------+-----+--------+

Top non-repeatable levels by time:
     D:4: 1723 daAuts
     D:1: 1457 daAuts
     D:2: 965 daAuts
     D:3: 955 daAuts
